 Dungeon Crawl Stone Soup version 0.29.1-2-gbd0b4ee654 (console) character file.

Game seed: 2089607429577744101

63 om the Chopper (level 3, -2/33 HPs)
             Began as a Minotaur Monk on Nov 15, 2022.
             Slain by Sigmund
             ... wielding a +0 scythe
              (3 damage)
             ... on level 2 of the Dungeon.
             The game lasted 00:02:36 (1972 turns).

om the Chopper (Minotaur Monk)                      Turns: 1972, Time: 00:02:37

Health: -2/33      AC:  2    Str: 17    XL:     3   Next: 87%
Magic:  2/2        EV: 13    Int:  7    God:
Gold:   225        SH:  0    Dex: 12    Spells: 2/2 levels left

rFire   . . .      SeeInvis .   a - +0 hand axe
rCold   . . .      Faith    .   (no shield)
rNeg    . . .      Spirit   .   b - +0 robe
rPois   .          Reflect  .   (helmet restricted)
rElec   .          Harm     .   (no cloak)
rCorr   .          Rampage  .   (no gloves)
Will    .....                   (no boots)
Stlth   +.........              (no amulet)
HPRegen 0.11/turn               (no ring)
MPRegen 0.08/turn               (no ring)

@: confused
A: horns 2, retaliatory headbutt
a: no special abilities


You were on level 2 of the Dungeon.
You visited 1 branch of the dungeon, and saw 2 of its levels.

You collected 225 gold pieces.

Inventory:

Hand Weapons
 a - a +0 hand axe (weapon)
Armour
 b - a +0 robe (worn)
Jewellery
 i - a ring of flight
Scrolls
 d - 2 scrolls of immolation {unknown}
 e - 3 scrolls of identify {unknown}
 f - a scroll of blinking {unknown}
 g - a scroll of amnesia {unknown}
 j - a scroll of vulnerability {unknown}
 k - a scroll of noise {unknown}
 n - a scroll of teleportation {unknown}
Potions
 h - 2 potions of mutation {unknown}
 l - 2 potions of might {unknown}
 m - 2 potions of curing {unknown}


   Skills:
 - Level 4.0 Fighting
 * Level 4.7 Axes
 + Level 1.8 Armour
 + Level 3.8 Dodging
 - Level 1.5 Stealth


You had 2 spell levels left.
You didn't know any spells.
Your spell library contained the following spells:

 Spells                   Type           Power      Damage    Failure   Level
 Necrotise                Necr           0%         1d4       43%         1
 Vampiric Draining        Necr           0%         2d6       80%         3
 Agony                    Necr           0%         N/A       100%        5


Dungeon Overview and Level Annotations

Branches:
Dungeon (2/15)

Altars:

Shops:
D:1 =

Annotations:
D:2 Sigmund


Innate Abilities, Weirdness & Mutations

You have a pair of horns on your head.
You reflexively headbutt those who attack you in melee.


Message History

You bump into the rock wall.
Something hits you!
* * * LOW HITPOINT WARNING * * *
Okay, then.
You barely miss something. Something hits you.
* * * LOW HITPOINT WARNING * * *
You hit something.
You feel less invigorated.
You bump into the rock wall.
Sigmund appears from thin air!
Reactivating autopickup.
Sigmund closely misses you.
You are more confused.
You feel invigorated. Sigmund misses you.
You slash Sigmund!
Sigmund is moderately wounded.
Sigmund misses you.
You bump into the rock wall.
You barely miss Sigmund. Your headbutt misses Sigmund.
Sigmund is moderately wounded.
You feel less invigorated. Sigmund hits you with a +0 scythe!
You closely miss Sigmund.
Sigmund is moderately wounded.
Sigmund mumbles some strange words.
Sigmund flickers and vanishes!
Deactivating autopickup; reactivate with Ctrl-A.
You hit something. Your headbutt misses something. Something hits you.
You barely miss something. Your headbutt misses something.
You bump into the rock wall.
Something hits you.
* * * LOW HITPOINT WARNING * * *
You miss something. Your headbutt misses something. Something hits you.
* * * LOW HITPOINT WARNING * * *
You bump into the rock wall.
You feel less confused.
You hit something. Your headbutt misses something. Something hits you.
* * * LOW HITPOINT WARNING * * *
You hit something.
You hear some strange, mumbled words.
You are confused.
Something barely misses you.
You bump into the rock wall.
Something hits you.
You die...

#... #............†.
#...
###.########..###
#(.. #............†#
# #...
#.#.###.#####.###
#...###.#.# #.#..
#.......#.# #.#.#
##.#.####.. #.#.# #.
##.##### #.#.# #.
##@{# #.... # #.#.#
###.#####....
#.##.#..............
..##....# ###.#....
#........# #.##....
#####...## .........
##.## ##.##.#.. #.#
........ #.. ##.....


There were no monsters in sight!

Vanquished Creatures
  An adder (D:2)
  A dart slug (D:1)
  6 ball pythons
  4 bats
  6 endoplasms
  A giant cockroach (D:1)
  5 goblins
  2 hobgoblins
  6 jackals
  5 kobolds
  2 quokkas
  3 frilled lizards (D:1)
  A rat (D:1)
43 creatures vanquished.

Notes
Turn   | Place    | Note
-------+----------+-------------------------------------------
     0 | D:1      | om the Minotaur Monk began the quest for the Orb.
     0 | D:1      | Reached XP level 1. HP: 19/19 MP: 0/0
    90 | D:1      | Reached XP level 2. HP: 23/27 MP: 1/1
   237 | D:1      | Reached skill level 1 in Armour
   779 | D:1      | Found Fysestri's Jewellery Shop.
   784 | D:1      | Reached XP level 3. HP: 33/33 MP: 2/2
  1936 | D:2      | Noticed Sigmund
  1967 | D:2      | HP: 1/33 [something (2)]
  1972 | D:2      | Slain by Sigmund

Illustrated notes

Levels and vault maps discovered:
D:1:      erik_arrival_cave_to_civilisation [erik_arrival_cave_to_hall],
          layout_basic, serial_shops, shop_coins
D:2:      layout_loops_ring, minmay_pentomino_u4, uniq_sigmund

Skill      XL: |  1  2 |
---------------+-------+-----
Axes           | 4 |  4.7
Armour         | 1 |  1.8
Fighting       | 4 |  4.0
Dodging        | |  3.8
Stealth        | |  1.5

Action                   || total
-------------------------++-------
Melee: Hand axe          ||    92
       Headbutt          ||    13
  Use: Potion            ||     2
 Stab: Sleeping          ||     5
Armor: Robe              ||    18
Dodge: Dodged            ||    69
